 Dungeon Crawl Stone Soup version 0.27-a0-475-g4587593e40 (webtiles) character file.

Game seed: 15508750385247180407

1 Leibowitz the Stinger (level 1, -1/15 HPs)
             Began as a Naga Venom Mage on Mar 1, 2021.
             Slain by a hobgoblin
             ... wielding a +0 club
              (5 damage)
             ... on level 1 of the Dungeon.
             The game lasted 00:00:51 (36 turns).

Leibowitz the Stinger (Naga Venom Mage)               Turns: 36, Time: 00:00:52

Health: -1/15      AC:  1    Str: 10    XL:     1   Next: 20%
Magic:  0/3        EV: 10    Int: 15    God:
Gold:   0          SH:  0    Dex: 11    Spells: 3/4 levels left

rFire    . . .     SeeInvis +   (no weapon)
rCold    . . .     Faith    .   (no shield)
rNeg     . . .     Spirit   .   a - +0 robe
rPois    +         Reflect  .   (no helmet)
rElec    .         Harm     .   (no cloak)
rCorr    .         Rampage  .   (no gloves)
Will     .....                  (no barding)
Stlth    ++........             (no amulet)
HPRegen  0.05/turn              (no ring)
MPRegen  0.08/turn              (no ring)

@: very slow
A: large, see invisible, deformed body, poison resistance, slowness 2, spit
poison 1, AC +0
a: Spit Poison


You were on level 1 of the Dungeon.
You visited 1 branch of the dungeon, and saw 1 of its levels.

Inventory:

Armour
 a - a +0 robe (worn)


   Skills:
 + Level 1.7 Dodging
 + Level 3.0 Stealth
 + Level 2.0 Spellcasting
 + Level 1.0 Transmutations
 + Level 4.0 Poison Magic


You had 3 spell levels left.
You knew the following spells:

 Your Spells              Type           Power        Failure   Level
a - Sting                 Tmut/Pois      36%          8%          1

Your spell library contained the following spells:

 Spells                   Type           Power        Failure   Level
 Poisonous Vapours        Pois/Air       14%          14%         2
 Ignite Poison            Fire/Tmut/Pois 6%           32%         3
 Mephitic Cloud           Conj/Pois/Air  5%           36%         3
 Olgreb's Toxic Radiance  Pois           13%          38%         4


Dungeon Overview and Level Annotations

Branches:
Dungeon (1/15)

Altars:


Innate Abilities, Weirdness & Mutations

You cannot wear boots.
Your serpentine skin is tough. (AC +0)
You have supernaturally acute eyesight. (SInv)
Armour fits poorly on your strangely shaped body.
Your system is resistant to poisons. (rPois)
You cover ground very slowly.
You can spit poison.


Message History

You kill the kobold!
The kobold hits the bush but does no damage.
The goblin completely misses you.
The kobold hits the bush.
The hobgoblin hits you with a +0 club.
The kobold hits the bush.
The kobold hits the bush but does no damage.
Your magical contamination has completely faded away.
There is an open door here.
The hobgoblin closely misses you.
You hit the hobgoblin but do no damage. The hobgoblin misses you.
You hit the hobgoblin.
The hobgoblin is moderately wounded.
You have got your breath back.
Something hits the bush but does no damage.
You hit the goblin.
You kill the goblin!
Something hits the bush.
The hobgoblin hits you with a +0 club.
The kobold hits the bush but does no damage.
The hobgoblin hits you but does no damage.
A goblin comes into view. It is wielding a +0 club.
There is an open door, spattered with blood here.
Things that are here:
a +0 club; a goblin corpse
Casting: Sting (safe; 8% risk of failure)
Confirm with . or Enter, or press ? or * to list all spells.
Aiming: Sting (safe; 8% risk of failure)
Press: ? - help, Shift-Dir - straight line, f - hobgoblin
Aim: a hobgoblin, wielding a +0 club (32% to evade)
The sting hits the hobgoblin but does no damage.
The hobgoblin is poisoned.
The kobold throws a stone.
The stone hits you. The hobgoblin closely misses you.
Something hits the bush but does no damage.
The hobgoblin hits you with a +0 club.
* * * LOW HITPOINT WARNING * * *
Something hits the bush but does no damage.
The hobgoblin closely misses you.
You barely miss the hobgoblin.
The hobgoblin is severely wounded.
The hobgoblin hits you with a +0 club.
You die...

#### ....
#.......
#..PPPP####
#..P...#.<#
#..P...#@.#
#..P.♣.#g.#
#..P...##)#
##......#..#
#.....).'..##+###
#.......#.......#
#...P...##'###+##
......KP.♣.#....#
......gP...#....#


You could see a hobgoblin (poisoned).

Vanquished Creatures
  A goblin (D:1)
  A kobold (D:1)
2 creatures vanquished.

Notes
Turn   | Place    | Note
-------+----------+-------------------------------------------
     0 | D:1      | Leibowitz the Naga Venom Mage began the quest for the Orb.
     0 | D:1      | Reached XP level 1. HP: 15/15 MP: 3/3
    36 | D:1      | Slain by a hobgoblin

Illustrated notes

Levels and vault maps discovered:
D:1:      evilmike_arrival_home_sweet_home, layout_rooms, kennysheep_boxes

Action                   || total
-------------------------++-------
Melee: Unarmed           ||     4
 Cast: Sting             ||     2
 Abil: Spit Poison       ||     1
Dodge: Dodged            ||     7

Table legend: (Time is in decaauts)
 A = Elapsed time spent in this place.
 B = Non-inter-level travel time spent in this place.
 C = Inter-level travel time spent in this place.
 D = Time resting spent in this place.
 E = Time spent auto-exploring this place.
 F = Levels seen in this place.
 G = Mean time per level.
                   A        B        C        D        E       F      G
               +--------+--------+--------+--------+--------+-----+--------+
         Total |     46 |     46 |      0 |      0 |     15 |   1 |   46.0 |
       Dungeon |     46 |     46 |      0 |      0 |     15 |   1 |   46.0 |
               +--------+--------+--------+--------+--------+-----+--------+

Top non-repeatable levels by time:
     D:1: 46 daAuts
